 Dungeon Crawl Stone Soup version 0.29.1-12-g30fa7ad0bf (webtiles) character file.

Game seed: 17760237948134346263

74 Radix the Digger (level 4, 0/24 HPs)
             Began as a Gargoyle Earth Elementalist on Dec 19, 2022.
             Slain by a hobgoblin (2 damage)
             ... led by Robin
             ... on level 3 of the Dungeon.
             The game lasted 00:12:43 (1819 turns).

Radix the Digger (Gargoyle Earth Elementalist)      Turns: 1819, Time: 00:12:46

Health: 0/24       AC:  5    Str: 12    XL:     4   Next: 28%
Magic:  4/8        EV: 11    Int: 17    God:
Gold:   59         SH:  3    Dex: 10    Spells: 8/9 levels left

rFire   . . .      SeeInvis .   h - +0 spear
rCold   . . .      Faith    .   c - +0 buckler
rNeg    + . .      Spirit   .   a - +0 robe
rPois   ∞          Reflect  .   (no helmet)
rElec   +          Harm     .   (no cloak)
rCorr   .          Rampage  .   (no gloves)
Will    +....                   (no boots)
Stlth   ++........              l - amulet of the acrobat
HPRegen 0.08/turn               f - ring of willpower
MPRegen 0.11/turn               (no ring)

@: no status effects
A: sickness immunity, AC +3, negative energy resistance 1, electricity
resistance, torment resistance 1, petrification resistance
a: no special abilities


You were on level 3 of the Dungeon.
You visited 1 branch of the dungeon, and saw 3 of its levels.

You collected 117 gold pieces.
You spent 58 gold pieces at shops.

Inventory:

Hand Weapons
 h - a +0 spear (weapon)
 m - a +0 morningstar
Armour
 a - a +0 robe (worn)
 c - a +0 buckler (worn)
Jewellery
 f - a ring of willpower (left hand)
 l - an amulet of the acrobat (around neck)
Scrolls
 e - 2 scrolls of butterflies {unknown}
 g - 3 scrolls of identify {unknown}
 k - a scroll of enchant armour {unknown}
Potions
 b - 2 potions of magic
 d - a potion of lignification {unknown}
 i - a potion of heal wounds {unknown}
 j - a potion of degeneration {unknown}
 n - 2 potions of might {unknown}


   Skills:
 - Level 1.5 Dodging
 - Level 2.1 Stealth
 + Level 0.1 Shields
 + Level 3.2 Spellcasting
 - Level 0.7 Transmutations
 + Level 4.9 Earth Magic


You had 8 spell levels left.
You knew the following spells:

 Your Spells              Type           Power      Damage    Failure   Level
a - Sandblast             Erth           38%        2d10      3%          1

Your spell library contained the following spells:

 Spells                   Type           Power      Damage    Failure   Level
 Passwall                 Tmut/Erth      10%        N/A       11%         2
 Stone Arrow              Conj/Erth      22%        3d8       26%         3
 Static Discharge         Conj/Air       2%         3-4/arc   34%         2
 Call Canine Familiar     Summ           2%         N/A       56%         3
 Portal Projectile        Hex/Tloc       4%         N/A       56%         3
 Petrify                  Tmut/Erth      12%        N/A       58%         4
 Leda's Liquefaction      Hex/Erth       5%         N/A       63%         4
 Dispel Undead            Necr           2%         3d7       93%         4
 Sticky Flame             Conj/Fire      2%         2d3       93%         4


Dungeon Overview and Level Annotations

Branches:
Dungeon (3/15)

Altars:

Shops:
D:1 [

Annotations:
D:2 1 runed translucent door, Crazy Yiuf, Sigmund
D:3 Robin


Innate Abilities, Weirdness & Mutations

You are immune to sickness and miasma.
Your stone body is resilient. (AC +3)
You are immune to poison.
You resist negative energy. (rN+)
You are resistant to electric shocks. (rElec)
You are resistant to unholy torment.
You are immune to petrification.


Message History

A goblin comes into view. It is wielding a +0 dagger.
Robin throws the goblin at you!
Aiming: Sandblast (safe; 3% risk of failure)
Press: ? - help, Q - select action Shift-Dir - straight line, f - goblin
Aim: a goblin, wielding a +0 club (77% to hit)
The blast of sand hits the goblin.
You kill the goblin!
Robin throws the goblin at you!
A goblin comes into view. It is wielding a +0 club.
Aiming: Sandblast (safe; 3% risk of failure)
Press: ? - help, Q - select action Shift-Dir - straight line, f - goblin
Aim: a goblin, wielding a +0 club (77% to hit)
The blast of sand hits the goblin!
You kill the goblin!
The goblin hits you but does no damage. Robin throws the goblin at you!
The goblin barely misses you.
The hobgoblin hits you but does no damage.
Robin roars a battlecry!
The goblins go into a battle-frenzy!
Something unseen opens the door.
The goblin hits you with a +0 club.
Aiming: Sandblast (safe; 3% risk of failure)
Press: ? - help, Q - select action Shift-Dir - straight line, f - hobgoblin
Aim: a hobgoblin (strong, 82% to hit)
The blast of sand hits the hobgoblin.
The hobgoblin is almost dead.
The goblin hits you but does no damage. The hobgoblin misses you.
The goblin misses you. Robin throws the goblin at you!
Aiming: Sandblast (safe; 3% risk of failure)
Press: ? - help, Q - select action Shift-Dir - straight line, f/p - hobgoblin
Aim: a hobgoblin (almost dead, strong, 82% to hit)
The blast of sand misses the hobgoblin.
The blast of sand hits the hobgoblin!
You kill the hobgoblin!
The goblin shouts!
The goblin hits you with a +0 dagger. The goblin closely misses you.
The hobgoblin closely misses you. The goblin barely misses you.
You block the goblin's attack. The hobgoblin hits you.
The goblin hits you with a +0 club.
* * * LOW HITPOINT WARNING * * *
The goblin closely misses you. The hobgoblin hits you.
You die...

####### ......S
.......
.......###+#####
.......S........
#.gg#g.......
#..gg@gB..>..
#.###gg......
+........
#........
#........
#........
.........
##.######


You could see Robin, a giant cockroach, 3 hobgoblins, 4 goblins and a ball
python.

Vanquished Creatures
  3 adders (D:2)
  A worm (D:2)
  3 ball pythons (D:1)
  5 endoplasms
  4 giant cockroaches
  5 goblins
  7 hobgoblins
  5 kobolds
  3 quokkas (D:1)
  A bat (D:2)
  3 frilled lizards
  A rat (D:1)
41 creatures vanquished.

Vanquished Creatures (others)
  4 fungi (D:2)
4 creatures vanquished.

Grand Total: 45 creatures vanquished

Notes
Turn   | Place    | Note
-------+----------+-------------------------------------------
     0 | D:1      | Radix the Gargoyle Earth Elementalist began the quest for
                  | the Orb.
     0 | D:1      | Reached XP level 1. HP: 10/10 MP: 3/3
    18 | D:1      | Found a faded altar of an unknown god.
   216 | D:1      | Reached skill level 4 in Earth Magic
   216 | D:1      | Reached XP level 2. HP: 15/15 MP: 1/5
   270 | D:1      | Found Maff's Armour Shop.
   721 | D:1      | Reached XP level 3. HP: 19/19 MP: 4/6
   946 | D:1      | Bought a +0 buckler for 58 gold pieces
  1296 | D:2      | Reached XP level 4. HP: 24/24 MP: 3/8
  1360 | D:2      | Found a runed translucent door.
  1361 | D:2      | Noticed Crazy Yiuf
  1673 | D:2      | Noticed Sigmund
  1814 | D:3      | Noticed Robin
  1819 | D:3      | Slain by a hobgoblin

Illustrated notes

Levels and vault maps discovered:
D:1:      minmay_arrival_pointy, layout_rooms, basic_ecumenical_altar,
          serial_shops, nicolae_square_shop
D:2:      layout_basic, uniq_crazy_yiuf_cottage, uniq_sigmund
D:3:      layout_basic, minivault_19, uniq_robin, uniq_natasha, uniq_terence

Skill      XL: |  1  2  3 |
---------------+----------+-----
Earth Magic    | 4 |  4.9
Spellcasting   | 3 |  3.2
Dodging        | |  1.5
Stealth        | |  2.1
Shields        | |  0.1
Transmutations | |  0.7

Action                   |  1- 3 |  4- 6 || total
-------------------------+-------+-------++-------
Melee: Unarmed           |    14 |       ||    14
       Trident           |    12 |       ||    12
 Cast: Sandblast         |    48 |    10 ||    58
Armor: Robe              |    18 |     5 ||    23
Dodge: Dodged            |    27 |     7 ||    34
Block: Buckler           |       |     1 ||     1
